 Dungeon Crawl Stone Soup version 0.27-a0-1196-g3e9cee4cb2 (webtiles) character file.

Game seed: 1952772354802497918

65 quinnr the Firebug (level 4, -10/27 HPs)
             Began as an Octopode Fire Elementalist on May 28, 2021.
             Mangled by Blork the orc
             ... wielding a +0 long sword
              (13 damage)
             ... on level 4 of the Dungeon.
             The game lasted 00:07:55 (1948 turns).

quinnr the Firebug (Octopode Fire Elementalist)     Turns: 1948, Time: 00:07:56

Health: -10/27     AC:  1    Str:  7    XL:     4   Next: 13%
Magic:  8/8        EV: 13    Int: 18    God:
Gold:   31         SH:  0    Dex: 12    Spells: 8/9 levels left

rFire    . . .     SeeInvis .   (no weapon)
rCold    . . .     Faith    .   (no shield)
rNeg     . . .     Spirit   .   (helmet restricted)
rPois    .         Reflect  .   (no amulet)
rElec    .         Harm     .   (no ring)
rCorr    .         Rampage  .   (no ring)
Will     .....                  (no ring)
Stlth    ++........             (no ring)
HPRegen  0.09/turn              (no ring)
MPRegen  0.11/turn              (no ring)
                                (no ring)
                                (no ring)

@: silenced, attractive
A: almost no armour, amphibious, 8 rings, camouflage 1, gelatinous body 1,
(nimble swimmer 1), tentacles
a: no special abilities


You were on level 4 of the Dungeon.
You visited 1 branch of the dungeon, and saw 5 of its levels.

You collected 31 gold pieces.

Inventory:

Armour
 d - a +2 tower shield
 i - a +0 buckler
Scrolls
 c - a scroll of fear {unknown}
 f - a scroll of identify {unknown}
 g - a scroll of vulnerability {unknown}
 h - a scroll of noise {unknown}


   Skills:
 + Level 2.0 Dodging
 + Level 2.7 Stealth
 - Level 3.0 Spellcasting
 - Level 3.0 Conjurations
 - Level 3.0 Fire Magic


You had 8 spell levels left.
You knew the following spells:

 Your Spells              Type           Power      Damage    Failure   Level
a - Foxfire               Conj/Fire      52%        2x1d6     4%          1

Your spell library contained the following spells:

 Spells                   Type           Power      Damage    Failure   Level
 Conjure Flame            Conj/Fire      13%        6-21      14%         3
 Inner Flame              Hex/Fire       8%         N/A       26%         3
 Sticky Flame             Conj/Fire      13%        2d4       43%         4
 Fireball                 Conj/Fire      6%         3d5       78%         5


Dungeon Overview and Level Annotations

Branches:
Dungeon (5/15)
 Temple: D:4-7

Altars:
Okawaru

Annotations:
D:2 Sigmund
D:4 Blork the orc
D:5 Eustachio


Innate Abilities, Weirdness & Mutations

You cannot wear most types of armour.
You are amphibious.
You can wear up to eight rings at the same time.
Your skin changes colour to match your surroundings (Stealth+).
Your rubbery body absorbs attacks. (AC +1, EV +1)
((You are camouflaged near water. (Stealth+)))
You have tentacles for arms and can constrict up to eight enemies at once.


Message History

The centaur zombie closely misses you.
The centaur zombie kicks you but does no damage.
The orc completely misses you. The centaur zombie barely misses you.
The centaur zombie kicks you.
There is a stone staircase leading up here.
The centaur zombie hits you. The centaur zombie closely misses you.
The orc hits you with a +0 club.
* * * LOW HITPOINT WARNING * * *
You climb upwards.
Blork the orc shouts!
Found a viscous dark potion, a bubbling ruby potion and 9 gold pieces.
There is a stone staircase leading down here.
Okay, then.
It was a potion of attraction.
You feel attractive to monsters. The orc hits you with a +0 club.
* * * LOW HITPOINT WARNING * * *
Blork the orc is pulled toward you!
Unknown command.
Unknown command.
Unknown command.
As you read the scroll labelled HIACRIPPINU, it crumbles to dust.
A profound silence engulfs you.
It was a scroll of silence.
The orc hits you with a +0 club.
* * * LOW HITPOINT WARNING * * *
Unknown command.
Found a scroll labelled REHUNO RANAO.
The orc barely misses you.
Unknown command.
Found a stone staircase leading up.
Blork the orc is pulled toward you!
Found 16 arrows and a bubbling ruby potion.
Blork the orc gestures wildly while chanting.
Blork the orc seems to speed up.
Blork the orc is pulled toward you!
Found an escape hatch in the floor.
Blork the orc is pulled toward you! The orc is pulled toward you!
The orc is pulled toward you!
There is a stone staircase leading up here.
Blork the orc hits you with a +0 long sword!
You die...

#...........?....
#..........###
#..######!>..#
#..####
##.#...!..
#.....# #.# ##..#
#.###(# #.# .#
#o....# #.#
#o#..>....$.
#@#.#####... #.#
. ... .!# ## ####


You could see Blork the orc (fast) and an orc.

Vanquished Creatures
  3 adders (D:2)
  6 bats
  2 endoplasms
  2 giant cockroaches
  2 goblins (D:1)
  5 hobgoblins
  4 jackals (D:2)
  A quokka (D:3)
  5 ball pythons
  3 frilled lizards
  2 kobolds
  4 rats
39 creatures vanquished.

Vanquished Creatures (others)
  98 foxfires
98 creatures vanquished.

Grand Total: 137 creatures vanquished

Notes
Turn   | Place    | Note
-------+----------+-------------------------------------------
     0 | D:1      | quinnr the Octopode Fire Elementalist began the quest for
                  | the Orb.
     0 | D:1      | Reached XP level 1. HP: 11/11 MP: 3/3
   109 | D:1      | quinnr: foxfire??
   109 | D:1      | beem: L1 Fire/Cj spell that conjures 2 foxfires adjacent to
                  | you that will seek and hit enemies. Roughly range 7, and
                  | each does slightly more than half flame tongue damage. The
                  | {fire elementalist} starting spell, found in the {book of
                  | flames}, and also cast by {will-o-the-wisp}.
   109 | D:1      | quinnr: ??foxfire[2]
   109 | D:1      | beem: foxfire[2/3]: Prior to 0.25, {flame tongue} existed
                  | in its place.
   109 | D:1      | quinnr: ??foxfire[3
   109 | D:1      | beem: foxfire card[1/3]: Summons flying things. High power
                  | gives more powerful things, increases the number of things
                  | and and reduces the chances of things being hostile.
   437 | D:1      | Reached XP level 2. HP: 17/17 MP: 0/5
   694 | D:1      | Found a faded altar of an unknown god.
  1142 | D:2      | Reached XP level 3. HP: 21/21 MP: 1/6
  1292 | D:2      | Noticed Sigmund
  1610 | D:2      | Noticed an ogre
  1615 | D:2      | Reached XP level 4. HP: 27/27 MP: 6/8
  1850 | D:3      | Found an iron altar of Okawaru.
  1895 | D:3      | You fall into a shaft and drop 2 floors!
  1895 | D:5      | Entered Level 5 of the Dungeon
  1896 | D:5      | Noticed Eustachio
  1905 | D:5      | Noticed an ogre
  1913 | D:5      | Noticed a black bear
  1932 | D:4      | Noticed Blork the orc
  1934 | D:4      | HP: 1/27 [orc/+0 club (3)]
  1948 | D:4      | Mangled by Blork the orc

Illustrated notes

Levels and vault maps discovered:
D:1:      lightli_arrival_boilingwater, layout_loops_corners,
          ebering_ecumenical_altar_abandoned
D:2:      layout_rooms, hangedman_decor_clover_reticule, uniq_sigmund
D:3:      layout_basic, nicolae_ru_sacrificial_ziggurat, okawaru_gym_becter,
          serial_shops, shop, uniq_ijyb
D:4:      lemuel_castle_with_subvaults [lemuel_castle_interior_carwin_2],
          layout_basic, nemelex_diamond_rough_becter, minmay_close_crescents,
          uniq_menkaure, uniq_duvessa, uniq_blork_the_orc
D:5:      layout_cave_pods, nicolae_hepliaklqana_hazy_memory,
          minmay_temple_entry_glassed_door, serial_column_ruins,
          column_ruins_corridor_corner, column_ruins_grid_1,
          column_ruins_columns_straight, column_ruins_grid_1,
          column_ruins_grid_3, column_ruins_grid_1, uniq_edmund,
          uniq_prince_ribbit1, uniq_eustachio

Skill      XL: |  1  2  3  4 |
---------------+-------------+-----
Conjurations   | 2 3 |  3.0
Spellcasting   | 3 |  3.0
Dodging        | |  2.0
Stealth        | |  2.7
Fire Magic     | |  3.0

Action                   |  1- 3 |  4- 6 || total
-------------------------+-------+-------++-------
 Cast: Foxfire           |    49 |    16 ||    65
  Use: Scroll            |       |     2 ||     2
       Potion            |       |     1 ||     1
Armor: Skin              |     2 |     1 ||     3
Dodge: Dodged            |    10 |    14 ||    24

Table legend: (Time is in decaauts)
 A = Elapsed time spent in this place.
 B = Non-inter-level travel time spent in this place.
 C = Inter-level travel time spent in this place.
 D = Time resting spent in this place.
 E = Time spent auto-exploring this place.
 F = Levels seen in this place.
 G = Mean time per level.
                   A        B        C        D        E       F      G
               +--------+--------+--------+--------+--------+-----+--------+
         Total |   1950 |   1904 |     46 |    244 |   1278 |   5 |  390.0 |
       Dungeon |   1950 |   1904 |     46 |    244 |   1278 |   5 |  390.0 |
               +--------+--------+--------+--------+--------+-----+--------+

Top non-repeatable levels by time:
     D:1: 1347 daAuts
     D:2: 328 daAuts
     D:3: 221 daAuts
     D:5: 36 daAuts
     D:4: 15 daAuts
